 Dungeon Crawl Stone Soup version 0.27-a0-3-gcf006a40f5 (webtiles) character file.

Game seed: 1105641766336313414

11081 jestyr24 the Fighter (level 11, -9/107 HPs)
             Began as a Minotaur Berserker on Jan 2, 2021.
             Was a High Priest of Trog.
             Mangled by an orc knight
             ... wielding a +0 glaive
              (35 damage)
             ... in a bailey.
             The game lasted 00:46:19 (12740 turns).

jestyr24 the Fighter (Minotaur Berserker)          Turns: 12740, Time: 00:46:20

Health: -9/107     AC: 14    Str: 24    XL:     11   Next: 44%
Magic:  10/10      EV: 13    Int:  4    God:    Trog [*****.]
Gold:   630        SH:  0    Dex: 11    Spells: 10/10 levels left

rFire    + . .     SeeInvis .   G - +2 eveningstar of Qekkar {vorpal, rN+}
rCold    . . .     Faith    .   (no shield)
rNeg     + . .     Spirit   .   F - +0 plate armour
rPois    +         Reflect  .   (helmet restricted)
rElec    .         Harm     .   n - scarf {repulsion}
rCorr    .         Rampage  .   (no gloves)
Will     .....                  (no boots)
Stlth    ..........             C - amulet "Cohetog" {RegenMP rPois Stlth+}
HPRegen  0.27/turn              N - +4 ring of evasion (curse)
MPRegen  0.37/turn              D - ring of protection from fire

@: repel missiles
A: retaliatory headbutt, horns 2
a: Renounce Religion, Berserk, Trog's Hand, Brothers in Arms


You were in a bailey.
You worshipped Trog.
Trog was extremely pleased with you.
You visited 2 branches of the dungeon, and saw 11 of its levels.
You also visited: Bailey.

You collected 630 gold pieces.

Inventory:

Hand Weapons
 a - a +1 mace of protection
 q - a +1 vorpal flail
 r - a +6 dire flail of draining
 G - the +2 eveningstar of Qekkar (weapon) {vorpal, rN+}
   (Trog gifted it to you in a bailey)

   It inflicts extra damage upon your enemies.
   It protects you from negative energy.
 O - a +3 great mace of flaming
 Q - a +0 arbalest
Missiles
 c - 336 stones
 o - 7 boomerangs
 K - 8 poisoned darts (quivered)
Armour
 l - a +0 chain mail
 n - a scarf of repulsion (worn)
 F - a +0 plate armour (worn)
 M - the +0 ring mail "Salan" {rN+++}
   (You found it on level 9 of the Dungeon)

   It renders you almost immune to negative energy.
Jewellery
 y - an uncursed ring of ice
 C - the amulet "Cohetog" (around neck) {RegenMP rPois Stlth+}
   (You took it off a centaur on level 7 of the Dungeon)

   [amulet of magic regeneration]

   It increases your magic regeneration.
   It protects you from poison.
   It makes you more stealthy.
 D - a ring of protection from fire (right hand)
 N - a cursed +4 ring of evasion (left hand)
Wands
 m - a wand of flame (44)
 A - a wand of disintegration (12)
 E - a wand of paralysis (10)
 L - a wand of iceblast (6)
 P - a wand of random effects (21)
Scrolls
 b - 2 scrolls of immolation
 d - 9 scrolls of teleportation
 e - a scroll of remove curse
 h - 8 scrolls of identify
 s - a scroll of fog {unknown}
 v - 2 scrolls of fear
 x - a scroll of enchant armour {unknown}
 z - 4 scrolls of amnesia {unknown}
 B - 2 scrolls of magic mapping
Potions
 f - a potion of might {unknown}
 g - a potion of magic {unknown}
 i - 3 potions of lignification
 j - 3 potions of curing {unknown}
 k - a potion of ambrosia {unknown}
 p - 2 potions of haste {unknown}
 t - a potion of berserk rage {unknown}
 u - a potion of brilliance {unknown}
 w - 3 potions of flight {unknown}
 H - a potion of degeneration {unknown}
 I - 3 potions of cancellation {unknown}
 J - a potion of heal wounds


   Skills:
 - Level 13.5 Fighting
 + Level 11.9 Maces & Flails
 - Level 9.2 Armour
 - Level 6.1 Dodging
 - Level 0.2 Stealth
 - Level 4.5 Evocations


You had 10 spell levels left.
You didn't know any spells.
Your spell library contained the following spells:

 Spells                   Type           Power        Failure   Level
 Magic Dart               Conj           0%           100%        1
 Summon Small Mammal      Summ           0%           100%        1
 Blink                    Tloc           N/A          100%        2
 Call Imp                 Summ           0%           100%        2
 Slow                     Hex            0%           100%        2
 Call Canine Familiar     Summ           0%           100%        3
 Conjure Flame            Conj/Fire      0%           100%        3
 Mephitic Cloud           Conj/Pois/Air  0%           100%        3
 Summon Guardian Golem    Hex/Summ       0%           100%        3
 Summon Ice Beast         Ice/Summ       0%           100%        4
 Summon Lightning Spire   Summ/Air       0%           100%        4


Dungeon Overview and Level Annotations

Branches:
Dungeon (10/15)            Temple (0/1) D:5             Orc (1/2) D:10
 Bailey (1/1)
   Lair: D:8-11

Altars:
Cheibriados
Nemelex Xobeh


Innate Abilities, Weirdness & Mutations

You reflexively headbutt those who attack you in melee.
You have a pair of horns on your head.


Message History

Press: ? - help, Shift-Dir - straight line, f/p - orc knight
Aim: an orc knight, wielding a +0 glaive and wearing a +0 plate armour (lightly wounded, strong)
The mass of ice explodes!
The iceblast engulfs the orc knight!!
The orc knight is moderately wounded.
The iceblast engulfs the orc knight!
The orc knight is severely wounded.
The iceblast engulfs the orc knight!
The orc knight is severely wounded.
The orc knight no longer looks unusually strong. x2
The orc knight hits you from afar with a +0 glaive!
The orc knight closely misses you.
The orc knight hits you from afar with a +0 glaive!
* * * LOW HITPOINT WARNING * * *
The orc knight roars a battlecry!
The orcs go into a battle-frenzy!
The orc knight roars a battlecry!
The orc knight goes into a battle-frenzy!
The orc knight barely misses you.
The orc knight hits you from afar with a +0 glaive!!
You die...

##### ##........).≈.# #######
###+#############.≈.# #.$$$.#
.........##....o##.≈.# ##
.§§≈≈≈≈≈..'#..o##..≈.# .##
≈§§§...≈≈..##.##..≈≈.# ..#
§§.§⌠...≈≈o.#'#..≈≈.## ..#
≈§.§∩)oo≈§..#'#..≈≈.∩# .##
≈≈§...o≈≈..## ##..≈≈.# ##
.§§§≈≈≈≈@)## ##..≈.# #
.§§...).)## ##.≈.#
############'###)#########)≈.#
........##..o..##.)........≈.#
≈≈≈≈≈≈≈..##.∩.##.)≈≈≈≈≈≈≈≈≈≈.#
......≈≈).## ##..≈≈..........#
#####..≈≈..###..≈≈..##########
##..≈≈.....≈≈..##
##..≈≈≈≈≈≈≈..##


You could see 3 orc knights and an orc (strong).

Vanquished Creatures
  4 two-headed ogres
  2 gargoyles
  3 trolls
  A hornet (D:7)
  A yak (D:10)
  A warg (Orc:1)
  Edmund (D:4)
  A two-headed ogre zombie (D:10)
  A water moccasin (D:10)
  13 orc warriors
  2 sky beasts
  A black bear (D:9)
  7 phantoms
  3 ice beasts
  A necrophage (D:6)
  5 ogres
  4 centaurs
  A big kobold (D:8)
  2 bullfrogs
  A water moccasin zombie (D:5)
  A troll zombie (D:10)
  A water moccasin skeleton (D:7)
  5 scorpions
  8 killer bees
  8 wights
  2 howler monkeys
  2 bullfrog zombies
  4 centaur zombies (D:5)
  5 jellies
  A lava snake (D:10)
  12 orc wizards
  6 hounds
  7 orc priests
  2 centaur skeletons
  Ijyb (D:3)
  An iguana (D:10)
  7 worker ants
  3 hound zombies
  6 ogre zombies (D:10)
  A howler monkey zombie (D:5)
  3 worker ant zombies
  12 adders
  6 gnolls
  4 shadow imps
  A white imp (D:7)
  4 ufetubi
  An ooze (D:1)
  3 adder skeletons
  4 worms
  7 leopard geckos
  60 orcs
  6 bats
  6 giant cockroaches
  7 goblins
  2 hobgoblins (D:1)
  8 jackals
  6 quokkas
  A ball python (D:2)
  A ball python zombie (D:5)
  6 frilled lizards
  2 goblin skeletons (D:10)
  2 goblin zombies (D:10)
  A hobgoblin skeleton (D:10)
  6 hobgoblin zombies (D:10)
  11 kobolds
  2 leopard gecko skeletons
  2 orc skeletons (D:10)
  11 orc zombies (D:10)
  2 quokka skeletons
  2 quokka zombies
  8 rats
335 creatures vanquished.

Vanquished Creatures (others)
  A withered plant (D:5)
1 creature vanquished.

Grand Total: 336 creatures vanquished

Notes
Turn   | Place    | Note
-------+----------+-------------------------------------------
     0 | D:1      | jestyr24 the Minotaur Berserker began the quest for the
                  | Orb.
     0 | D:1      | Reached XP level 1. HP: 19/19 MP: 0/0
    98 | D:1      | Reached XP level 2. HP: 22/27 MP: 1/1
   448 | D:1      | Reached skill level 4 in Fighting
   898 | D:2      | Reached XP level 3. HP: 34/34 MP: 2/2
   921 | D:2      | Reached ** piety under Trog
  1565 | D:3      | Noticed Ijyb
  1587 | D:3      | HP: 1/34 [Ijyb/puff of flame (5)]
  1588 | D:3      | Killed Ijyb
  1589 | D:3      | Reached XP level 4. HP: 2/41 MP: 3/3
  2279 | D:3      | Reached XP level 5. HP: 20/47 MP: 4/4
  2764 | D:3      | Reached skill level 5 in Fighting
  2764 | D:3      | Reached skill level 5 in Maces & Flails
  2911 | D:4      | Reached *** piety under Trog
  2946 | D:4      | Noticed a phantom
  3004 | D:4      | Killed a phantom
  3005 | D:4      | Reached skill level 6 in Fighting
  3005 | D:4      | Reached XP level 6. HP: 44/57 MP: 5/5
  3083 | D:4      | Noticed Edmund
  3105 | D:4      | Killed Edmund
  3106 | D:4      | Reached skill level 7 in Fighting
  3356 | D:4      | Found a sparkling altar of Nemelex Xobeh.
  3733 | D:5      | Entered Level 5 of the Dungeon
  3736 | D:5      | Noticed a sky beast
  3743 | D:5      | Killed a sky beast
  3744 | D:5      | Reached XP level 7. HP: 52/61 MP: 6/6
  3779 | D:5      | Reached skill level 8 in Fighting
  4125 | D:5      | Found a staircase to the Ecumenical Temple.
  4128 | D:5      | Reached skill level 9 in Fighting
  4930 | D:6      | Reached skill level 10 in Fighting
  5036 | D:6      | Reached XP level 8. HP: 80/80 MP: 7/7
  5229 | D:6      | Reached skill level 11 in Fighting
  5239 | D:6      | Found a snail-covered altar of Cheibriados.
  5433 | D:6      | Reached **** piety under Trog
  5814 | D:7      | Reached skill level 1 in Evocations
  5909 | D:7      | Identified the amulet "Cohetog" {RegenMP rPois Stlth+}
  6081 | D:7      | Reached skill level 5 in Armour
  6089 | D:7      | Noticed a hornet
  6095 | D:7      | Killed a hornet
  6096 | D:7      | Reached XP level 9. HP: 90/90 MP: 8/8
  6242 | D:7      | Reached skill level 12 in Fighting
  7461 | D:8      | Noticed a two-headed ogre
  7475 | D:8      | Killed a two-headed ogre
  7480 | D:8      | HP: 3/91 [phantom (4)]
  8146 | D:8      | Reached skill level 5 in Dodging
  8248 | D:8      | Reached ***** piety under Trog
  8416 | D:9      | Reached XP level 10. HP: 6/97 MP: 9/9
  9032 | D:9      | Noticed a gargoyle
  9048 | D:9      | Killed a gargoyle
  9242 | D:9      | Got a diamond-encrusted ring mail
  9253 | D:9      | Identified the cursed +0 ring mail "Salan" {rN+++} (You
                  | found it on level 9 of the Dungeon)
  9283 | D:9      | Noticed a two-headed ogre
  9292 | D:9      | Killed a two-headed ogre
  9605 | D:9      | Reached skill level 13 in Fighting
  9961 | D:10     | Entered Level 10 of the Dungeon
  9973 | D:10     | Received a gift from Trog
 10475 | D:10     | Noticed a two-headed ogre
 10489 | D:10     | Killed a two-headed ogre
 10681 | D:10     | Found a staircase to the Orcish Mines.
 11096 | D:10     | Noticed a gargoyle
 11104 | D:10     | Killed a gargoyle
 11105 | D:10     | Reached XP level 11. HP: 76/107 MP: 10/10
 11298 | D:10     | Reached skill level 10 in Maces & Flails
 12055 | Orc:1    | Entered Level 1 of the Orcish Mines
 12078 | Orc:1    | Noticed a two-headed ogre
 12222 | Orc:1    | Killed a two-headed ogre
 12494 | Orc:1    | Found a flagged portal.
 12499 | Bailey   | Entered a bailey
 12601 | Bailey   | Received a gift from Trog
 12609 | Bailey   | Got an ichor-stained eveningstar {god gift}
 12610 | Bailey   | Identified the +2 eveningstar of Qekkar {vorpal, rN+} (Trog
                  | gifted it to you in a bailey)
 12656 | Bailey   | Noticed an orc knight
 12656 | Bailey   | Noticed an orc knight
 12717 | Bailey   | Noticed an orc knight
 12740 | Bailey   | Mangled by an orc knight

Illustrated notes

Levels and vault maps discovered:
D:1:      dpeg_arrival_prison, layout_basic
D:2:      layout_basic
D:3:      layout_basic, minmay_cut_off, uniq_ijyb
D:4:      layout_cave_pools, nrook_mini_backslash, nemelex_lonely_heart_becter,
          uniq_edmund
D:5:      layout_basic, minmay_temple_entry_wispy, serial_undead,
          serial_undead_d, serial_undead_f, serial_undead_d, serial_undead_c
D:6:      layout_basic, old_standard_altar
D:7:      layout_basic
D:8:      layout_basic
D:9:      layout_irregular_city
D:10:     layout_gridville, zombieorc2_lemuel, minmay_misc_feat_more_columns,
          kennysheep_crisscross, kennysheep_kite_vault
Orc:1:    layout_caves, enter_bailey_3, chequers_guarded_unrand_ignorance
Bailey:   bailey_polearm_1, bailey

Skill      XL: |  1  2  3  4  5  6  7  8  9 10 11 |
---------------+----------------------------------+-----
Maces & Flails | 4 5 6 8 9 11 | 11.9
Fighting       | 4 6 7 10 11 12 13 | 13.5
Armour         | 3 4 5 7 8 9 |  9.2
Dodging        | 3 5 6 |  6.1
Evocations     | 1 3 4 |  4.5
Stealth        | |  0.2

Action                   |  1- 3 |  4- 6 |  7- 9 | 10-12 || total
-------------------------+-------+-------+-------+-------++-------
Melee: Mace              |    99 |    80 |       |       ||   179
       Headbutt          |    11 |    20 |    43 |    65 ||   139
       Flail             |       |    30 |       |       ||    30
       Dire flail        |       |     9 |   276 |   287 ||   572
       Great mace        |       |       |       |    14 ||    14
       Eveningstar       |       |       |       |    18 ||    18
Throw: Stone             |       |       |       |     4 ||     4
       Dart              |       |       |       |     6 ||     6
Invok: Berserk           |       |       |       |     2 ||     2
Evoke: Wand              |       |     1 |     1 |     3 ||     5
  Use: Scroll            |       |       |     9 |     3 ||    12
Armor: Animal skin       |     6 |       |       |       ||     6
       Chain mail        |    24 |    65 |   160 |    20 ||   269
       Plate armour      |       |       |       |   178 ||   178
       Ring mail         |       |       |       |     5 ||     5
Dodge: Dodged            |    56 |    61 |   147 |   241 ||   505
       Repelled          |       |       |     1 |     1 ||     2

Table legend: (Time is in decaauts)
 A = Elapsed time spent in this place.
 B = Non-inter-level travel time spent in this place.
 C = Inter-level travel time spent in this place.
 D = Time resting spent in this place.
 E = Time spent auto-exploring this place.
 F = Levels seen in this place.
 G = Mean time per level.
                   A        B        C        D        E       F      G
               +--------+--------+--------+--------+--------+-----+--------+
         Total |  12752 |  12519 |    233 |   3420 |   6126 |  12 | 1062.7 |
       Dungeon |  12429 |  12196 |    233 |   3420 |   6126 |  10 | 1242.9 |
  Orcish Mines |     86 |     86 |      0 |      0 |      0 |   1 |   86.0 |
        Bailey |    237 |    237 |      0 |      0 |      0 |   1 |  237.0 |
               +--------+--------+--------+--------+--------+-----+--------+

Top non-repeatable levels by time:
    D:10: 2436 daAuts
     D:8: 1896 daAuts
     D:9: 1210 daAuts
     D:5: 1192 daAuts
     D:2: 1144 daAuts
     D:7: 1138 daAuts
     D:3: 1028 daAuts
     D:4: 879 daAuts
     D:6: 785 daAuts
     D:1: 718 daAuts
  Bailey: 237 daAuts
   Orc:1: 86 daAuts
